AoeStats
← Vykostovac

Arabia

508875670Analyzed
2v2 RM · 8d ago on Sep 24, 2026· 26m 11s· 4 players
Game mode
Random Map
Map size
Medium (4 player)
Population
200
Speed
Normal
Resources
Standard
Victory
Conquest
Starting age
Dark Age
Ending age
Imperial Age
RankedLock teamsTeams togetherTeam positionsShared explorationLock speedFull tech treeHidden civsTurbo modeCheats
Victory
Defeat
🇨🇿 Turks · Czechia
867
+12
🇨🇿 Malians · Czechia
859
+12
🇨🇳 Huns · China
791
-13
🇧🇷 Khmer · Brazil
754
-11
felipegaravaso
9:54 Feudal Age
12:24 Double-Bit Axe
17:29 Castle Age
17:35 Crossbowman
31545054
1:45 Loom
12:17 Feudal Age
18:14 Castle Age
17:05 Bloodlines
17:19 Forging
18:25 Scale Barding Armor
19:03 Husbandry
21:47 Iron Casting
Teoldis
11:40 Feudal Age
13:48 Loom
16:52 Castle Age
15:58 Double-Bit Axe
17:12 Stone Mining
18:35 Stone Shaft Mining
17:54 Fletching
20:55 Pikeman
23:06 Arson
Vykostovac
7:02 Loom
11:25 Feudal Age
14:36 Double-Bit Axe
15:34 Bloodlines
15:57 Scale Barding Armor
17:06 Forging
27:14 Castle Age
Connection lost

Rejoining the realm…

Still unreachable

The connection could not be restored.

Session expired

The server has moved on; the page needs a fresh start.